 Dungeon Crawl Stone Soup version 0.18-a0-960-g77c8fc5 (webtiles) character file.

1183 bsdbeard the Changer (level 8, 0/48 HPs)
             Began as an Octopode Transmuter on Dec 31, 2015.
             Was a Believer of Cheibriados.
             Slain by an unseen horror (5 damage)
             ... on level 6 of the Dungeon.
             The game lasted 00:29:48 (6488 turns).

bsdbeard the Changer (Octopode Transmuter)          Turns: 6488, Time: 00:29:48

Health: 0/48       AC:  1    Str: 13    XL:     8   Next: 42%
Magic:  12/16      EV: 13    Int: 20    God:    Cheibriados [**....]
Gold:   263        SH:  0    Dex: 18    Spells: 5 memorised, 7 levels left

rFire  . . .     SeeInvis .       - Unarmed
rCold  + . .     Gourm    .     (no shield)
rNeg   . . .     Faith    .     (helmet restricted)
rPois  .         Spirit   .     j - amulet of regeneration
rElec  .         Dismiss  .     r - ring of protection from cold
rCorr  .         Reflect  .     (no ring)
SustAt .         Harm     .     (no ring)
MR     .....                    (no ring)
Stlth  +++.......               (no ring)
                                (no ring)
                                (no ring)
                                (no ring)

@: lethally poisoned (0 -> 0), repel missiles, very slow, not resistant to
hostile enchantments, fairly stealthy
A: almost no armour, amphibious, 8 rings, constrict 8, camouflage 1, gelatinous
body 1
a: Bend Time, Renounce Religion


You were on level 6 of the Dungeon.
You worshipped Cheibriados.
Cheibriados was pleased with you.
You were not hungry.

You visited 2 branches of the dungeon, and saw 7 of its levels.

You collected 263 gold pieces.

Inventory:

Missiles
 a - 15 arrows
 d - 28 poisoned needles
 f - 44 sling bullets
 l - 141 stones (quivered)
 B - 4 tomahawks
Magical Staves
 w - an uncursed staff of fire
   (You found it on level 5 of the Dungeon)
Jewellery
 g - an uncursed amulet of the gourmand
   (You found it on level 1 of the Dungeon)
 j - an amulet of regeneration (around mantle)
   (You found it on level 1 of the Dungeon)
 r - a ring of protection from cold (left tentacle)
   (You found it on level 4 of the Dungeon)
 v - an uncursed ring of ice
   (You took it off a gnoll on level 4 of the Dungeon)
 x - a +5 amulet of reflection
   (You found it on level 4 of the Dungeon)
Scrolls
 e - 4 scrolls of immolation {unknown}
 h - 5 scrolls of identify
 k - a scroll of teleportation {unknown}
 m - 2 scrolls of noise {unknown}
 n - 3 scrolls of blinking {unknown}
 q - a scroll of enchant weapon {unknown}
 y - a scroll of remove curse {unknown}
 z - a scroll of magic mapping {unknown}
Potions
 s - 2 potions of poison
 u - 2 potions of cancellation
Books
 b - a book of Changes
 t - a book of Minor Magic
   (You found it on level 4 of the Dungeon)
Comestibles
 c - 3 bread rations
 i - 3 meat rations
 o - a beef jerky
 p - 4 fruits
 A - 7 chunks of flesh


   Skills:
 - Level 1.0 Fighting
 - Level 2.0 Dodging
 * Level 4.9 Unarmed Combat
 - Level 5.4 Spellcasting
 + Level 4.1 Translocations
 - Level 5.6 Transmutations


You had 7 spell levels left.
You knew the following spells:

 Your Spells              Type           Power        Failure   Level  Hunger
a - Beastly Appendage     Trmt           ####..       1%          1    None
b - Sticks to Snakes      Trmt           ####....     1%          2    None
s - Spider Form           Trmt/Pois      ###.......   12%         3    ##.....
x - Repel Missiles        Chrm/Air       #.....       21%         2    None
B - Blink                 Tloc           N/A          2%          2    None


Dungeon Overview and Level Annotations

Branches:
Dungeon (6/15)             Temple (1/1) D:4

Altars:
Ashenzari
Cheibriados
Dithmenos
Elyvilon
Fedhas
Gozag
Kikubaaqudgha
Nemelex Xobeh
Pakellas
Sif Muna
Trog
Xom
The Shining One

Annotations:
D:5 exclusion: slave, Pikel


Innate Abilities, Weirdness & Mutations

You cannot wear most types of armour.
You are amphibious.
You can wear up to eight rings at the same time.
You can use your tentacles to constrict eight enemies at once.
Your skin changes colour to match your surroundings (Stealth).
Your rubbery body absorbs attacks (AC +1).


Message History

Things that are here:
a club; an orc skeleton There isn't anything to butcher here!
Things that are here:
a dagger; a robe The orc is too close now for your liking!
Health restored: 48 Unknown command!
The orc shouts!!!
The orc throws a tomahawk!
The tomahawk barely misses you!
Unknown command!
Unknown command!
The orc throws a tomahawk!
The tomahawk closely misses you!
The orc throws a tomahawk!
The tomahawk is repelled!
You turn into a venomous arachnid creature!
The orc throws a tomahawk!
The tomahawk completely misses you!
You now have 13/16 mp!
The orc hits you with a hand axe!
You take 6 damage, and have 42/48 hp!
You maul the orc but do no damage!
The orc is poisoned!
The orc misses you!
You barely miss the orc! The orc barely misses you!
You barely miss the orc! The orc completely misses you!
You maul the orc but do no damage!
The orc looks even sicker!
You barely miss the orc! The orc closely misses you!
You barely miss the orc!
You annihilate the orc!!!
Cheibriados appreciates the change of pace!
Things that are here:
a hand axe; a leather armour There isn't anything to butcher here!
Your transformation is almost over!
Your transformation has ended!
B - a tomahawk Health restored: 48; MP restored: 16 Unknown command!
B - 4 tomahawks (gained 3)
An orc comes into view! It is wielding a flail!
Some of the chunks of flesh in your inventory have rotted away!
An orc is nearby!!!
Unknown command!
You turn into a venomous arachnid creature!
You now have 13/16 mp!
The helpless orc fails to defend itself!
You maul the orc!
The orc is poisoned!
The orc closely misses you!
You barely miss the orc! The orc closely misses you!
You maul the orc!
You annihilate the orc!!!
Cheibriados thoroughly appreciates the change of pace!
No target in view!!!
No target in view!!!
Things that are here:
a flail; a ring mail There isn't anything to butcher here!
Your transformation is almost over!
MP restored: 16
Found a blossoming altar of Fedhas!
Unknown command!
An adder and an ogre come into view!
Found an escape hatch in the floor!
Found a stone staircase leading up!
Unknown command!
Unknown command!
Your transformation has ended!
Something hits you!!!
Deactivating autopickup; reactivate with Ctrl-A!
You take 11 damage, and have 37/48 hp!
MASSIVE DAMAGE!!!!!!
Something completely misses you! Something barely misses you!
Something completely misses you! The adder barely misses you!
You thrash the adder! Something hits you!!! * * * don't die
* * * The adder barely misses you!
You take 9 damage, and have 30/48 hp!
You barely miss the adder! Something hits you!!! * * * don't die
* * * The adder bites you! * * * don't die
* * * You are poisoned!
The adder poisons you!!!
You take 13 damage, and have 17/48 hp!
MASSIVE DAMAGE!!!!!!
Unknown command!
Something hits you!!! * * * don't die
* * * You take 9 damage, and have 8/48 hp!
Unknown command!
Drink which item? (? for menu, Esc to quit)
Okay, then!
You create a snake!!!
You now have 15 arrows!
The adder bites you! * * * don't die
* * * You take 3 damage, and have 5/48 hp!
You now have 14/16 mp!
Unknown command!
Unknown command!
Unknown command!
Put on which piece of jewellery? (? for menu, Esc to quit)
Okay, then!
Read which item? (? for menu, Esc to quit)
Okay, then!
Unknown command!
Casting: Sticks to Snakes You blink!
Something hits you! rip

#......#..#
....
#...>..##@##...
#<..... #..#..
##...S. ##S#.#
....... #ยง#.#
....... #...#
....... ##.S#
#..# #).#
########.#
#....# #.#
#....###.#
#......#.#
#......#.#
#......#.#
#......#.#
###....#.#


You could see an adder and a friendly adder.

Vanquished Creatures
  A centaur zombie (D:5)
  An ice beast (D:5)
  A slave (D:6)
  2 ogres
  A crimson imp (D:5)
  A hound (D:5)
  A jelly (D:5)
  An orc priest (D:4)
  3 orc wizards
  A centaur skeleton (D:4)
  3 worker ants
  4 gnolls (D:4)
  4 adders
  An ooze (D:1)
  A worm (D:2)
  3 giant geckos
  18 orcs
  2 giant cockroaches
  7 goblins
  6 hobgoblins
  4 jackals (D:2)
  5 kobolds
  2 quokkas
  A ball python (D:2)
  14 bats
  A giant gecko skeleton (D:5)
  A giant gecko zombie (D:5)
  4 giant newts
  8 rats
  A butterfly (D:4)
103 creatures vanquished.

Vanquished Creatures (collateral kills)
  An ogre (D:5)
  2 worker ants (D:4)
  2 adders (D:2)
  A worm (D:2)
  7 orcs (D:4)
13 creatures vanquished.

Vanquished Creatures (others)
  A centaur (D:5)
1 creature vanquished.

Grand Total: 117 creatures vanquished

Notes
Turn   | Place    | Note
--------------------------------------------------------------
     0 | D:1      | bsdbeard the Octopode Transmuter began the quest for the Orb.
     0 | D:1      | Reached XP level 1. HP: 13/13 MP: 3/3
     9 | D:1      | Noticed an electric eel
   175 | D:1      | Reached XP level 2. HP: 18/18 MP: 5/5
   293 | D:1      | Learned a level 2 spell: Sticks to Snakes
   599 | D:2      | Reached skill level 4 in Unarmed Combat
   670 | D:2      | Reached XP level 3. HP: 16/23 MP: 6/6
   797 | D:2      | Learned a level 3 spell: Spider Form
   848 | D:2      | Found an opulent altar of Gozag.
   849 | D:2      | Found a white marble altar of Elyvilon.
  1474 | D:2      | Reached XP level 4. HP: 24/28 MP: 0/7
  1534 | D:2      | HP: 3/28 [worm (11)]
  1861 | D:2      | HP: 5/28 [adder (4)]
  2528 | D:3      | Reached skill level 3 in Transmutations
  2720 | D:3      | Reached skill level 3 in Spellcasting
  2731 | D:3      | Reached XP level 5. HP: 33/33 MP: 9/9
  3302 | D:4      | Found a staircase to the Ecumenical Temple.
  3311 | Temple   | Entered the Ecumenical Temple
  3572 | Temple   | Became a worshipper of Cheibriados the Contemplative
  3673 | D:4      | Reached skill level 4 in Transmutations
  3673 | D:4      | Reached XP level 6. HP: 12/38 MP: 4/11
  3679 | D:4      | HP: 9/38 [orc priest/mace (6)]
  3924 | D:4      | Found a shattered altar of Ashenzari.
  3934 | D:4      | Reached * piety under Cheibriados
  4026 | D:4      | Found a shimmering altar of Xom.
  4038 | D:4      | Reached skill level 4 in Spellcasting
  4095 | D:4      | Found a shimmering altar of Xom.
  4095 | D:4      | Found a shimmering altar of Xom.
  4128 | D:4      | Found a shimmering altar of Xom.
  4535 | D:4      | Learned a level 2 spell: Repel Missiles
  4538 | D:4      | Learned a level 2 spell: Blink
  4600 | D:5      | Entered Level 5 of the Dungeon
  4718 | D:5      | Reached skill level 5 in Transmutations
  4718 | D:5      | Reached XP level 7. HP: 21/43 MP: 4/13
  4721 | D:5      | HP: 10/43 [poisoned by a centaur]
  4726 | D:5      | HP: 9/43 [poisoned by a centaur]
  4732 | D:5      | HP: 7/43 [poisoned by a centaur]
  4741 | D:5      | HP: 7/43 [poisoned by a centaur]
  4747 | D:5      | HP: 7/43 [poisoned by a centaur]
  4753 | D:5      | HP: 6/43 [poisoned by a centaur]
  4759 | D:5      | HP: 6/43 [poisoned by a centaur]
  5145 | D:5      | Reached skill level 1 in Translocations
  5175 | D:5      | Reached skill level 2 in Translocations
  5701 | D:5      | HP: 9/43 [centaur zombie (6)]
  5707 | D:5      | HP: 8/43 [centaur zombie (1)]
  5720 | D:5      | HP: 4/43 [centaur zombie (3)]
  5726 | D:5      | Reached skill level 5 in Spellcasting
  5726 | D:5      | Reached skill level 3 in Translocations
  5726 | D:5      | Reached XP level 8. HP: 4/48 MP: 2/16
  6162 | D:5      | Noticed Pikel
  6266 | D:6      | Reached ** piety under Cheibriados
  6266 | D:6      | Reached skill level 4 in Translocations
  6475 | D:6      | Found a blossoming altar of Fedhas.
  6486 | D:6      | HP: 8/48 [something (9)]
  6488 | D:6      | Slain by an unseen horror

Vault maps used:
D:1:      arrival_aquarium_a, minmay_misc_feat_cross
D:2:      gammafunk_temple_overflow_statue, serial_bayou_crossing
D:4:      xom_redecorated, nicolae_ashenzari_panopticon,
          minmay_temple_entry_butterflies, first_bread, hangedman_decor_growths
D:5:      marbit_many_paths, kennysheep_small_circle, uniq_pikel
D:6:      minmay_klotski, fedhas_altar_2, old_standard_altar,
          okawaru_metal_pillars_1_2
Temple:   minmay_temple_bridge_b_8

Action                   |  1- 3 |  4- 6 |  7- 9 || total
-------------------------+-------+-------+-------++-------
Melee: Unarmed           |    74 |   164 |    84 ||   322
Throw: Stone             |     3 |       |     1 ||     4
 Cast: Sticks to Snakes  |     3 |    31 |    16 ||    50
       Spider Form       |     1 |     3 |     5 ||     9
       Beastly Appendage |       |     1 |       ||     1
       Repel Missiles    |       |     1 |     1 ||     2
       Blink             |       |       |    11 ||    11
Invok: Bend Time         |       |       |     2 ||     2
  Use: Potion            |       |     2 |     1 ||     3
       Scroll            |       |       |     3 ||     3
 Stab: Sleeping          |     3 |     2 |     2 ||     7
       Distracted        |       |     1 |     2 ||     3
  Eat: Chunk             |       |    13 |     3 ||    16

Vault maps used:
D:1:      arrival_aquarium_a, minmay_misc_feat_cross
D:2:      gammafunk_temple_overflow_statue, serial_bayou_crossing
D:4:      xom_redecorated, nicolae_ashenzari_panopticon,
          minmay_temple_entry_butterflies, first_bread, hangedman_decor_growths
D:5:      marbit_many_paths, kennysheep_small_circle, uniq_pikel
D:6:      minmay_klotski, fedhas_altar_2, old_standard_altar,
          okawaru_metal_pillars_1_2
Temple:   minmay_temple_bridge_b_8

Table legend:
 A = Turns spent in this place as a percentage of turns spent in the entire game.
 B = Non-inter-level travel turns spent in this place as a percentage of non-inter-level travel turns spent in the entire game.
 C = Inter-level travel turns spent in this place as a percentage of turns spent in this place.
 D = Turns resting spent in this place as a percentage of non-inter-level travel turns spent in this place.
 E = Turns spent auto-exploring this place as a percentage of non-inter-level travel turns spent in this place.
 F = Non-inter-level travel turns spent in this place divided by the number of levels of this place that you've seen.
                   A       B       C       D       E      F
               +-------+-------+-------+-------+-------+----------------------
         Total | 100.0 | 100.0 |   0.4 |   1.2 |   7.0 | 319.4
       Dungeon |  97.7 |  97.8 |   0.4 |   1.2 |   6.7 | 364.3
        Temple |   2.3 |   2.2 |   2.0 |   0.0 |  20.0 |  50.0
               +-------+-------+-------+-------+-------+----------------------

Table legend:
 A = Kills in this place as a percentage of kills in entire the game.
 B = Kills by you in this place as a percentage of kills by you in the entire game.
 C = Kills by friends in this place as a percentage of kills by friends in the entire game.
 D = Other kills in this place as a percentage of other kills in the entire game.
 E = Experience gained in this place as a percentage of experience gained in the entire game.
 F = Experience gained in this place divided by the number of levels of this place that you have seen.
                   A       B       C       D       E      F
               +-------+-------+-------+-------+-------+----------------------
         Total | 100.0 | 100.0 | 100.0 | 100.0 | 100.0 | 241.4
       Dungeon | 100.0 | 100.0 | 100.0 | 100.0 | 100.0 | 281.7
               +-------+-------+-------+-------+-------+----------------------
